 Dungeon Crawl Stone Soup version 0.24-a0-778-g74da537585 (webtiles) character file.

Game seed: 15148269930430169599, levelgen mode: deterministic

66 2BsUSBport the Stinger (level 4, 37/37 HPs)
             Began as a Naga Venom Mage on Oct 7, 2019.
             Quit the game on level 3 of the Dungeon.
             The game lasted 00:09:14 (2933 turns).

2BsUSBport the Stinger (Naga Venom Mage)            Turns: 2933, Time: 00:09:14

Health: 37/37      AC:  2    Str:  8 (10) XL:     4   Next: 15%
Magic:  6/7        EV:  9    Int: 14 (17) God:
Gold:   113        SH:  0    Dex:  9 (11) Spells: 4/7 levels left

rFire    . . .     SeeInvis +   e - +0 whip
rCold    . . .     Gourm    .   (no shield)
rNeg     . . .     Faith    .   f - +0 leather armour
rPois    +         Spirit   .   (no helmet)
rElec    .         Reflect  .   (no cloak)
rCorr    .         Harm     .   (no gloves)
MR       .....                  (no barding)
Stlth    ++........             (no amulet)
HPRegen  0.12/turn              (no ring)
MPRegen  0.10/turn              (no ring)

@: very slow
A: large, see invisible, deformed body, poison resistance, slowness 2, slow
metabolism 1, spit poison 1, AC +1
a: Spit Poison


You were on level 3 of the Dungeon.
You were full.

You visited 1 branch of the dungeon, and saw 3 of its levels.

You collected 113 gold pieces.

Inventory:

Hand Weapons
 e - a +0 whip (weapon)
Armour
 c - a scarf of cloud immunity
 f - a +0 leather armour (worn)
Jewellery
 a - an uncursed ring of protection from fire {unknown}
 d - an uncursed ring of ice {unknown}
 g - a cursed amulet of faith {unknown}
Scrolls
 l - a scroll of remove curse
Potions
 b - a potion of heal wounds


   Skills:
 + Level 0.4 Fighting
 + Level 0.4 Maces & Flails
 + Level 1.0 Armour
 + Level 2.2 Dodging
 - Level 3.1 Stealth
 + Level 2.4 Spellcasting
 + Level 1.3 Conjurations
 + Level 4.6 Poison Magic


You had 4 spell levels left.
You knew the following spells:

 Your Spells              Type           Power        Failure   Level  Hunger
a - Sting                 Conj/Pois      #...         10%         1    #......
b - Poisonous Vapours     Pois/Air       #.....       19%         2    ###....

Your spell library contained the following spells:

 Spells                   Type           Power        Failure   Level  Hunger
 Mephitic Cloud           Conj/Pois/Air  #.......     41%         3    ###....
 Olgreb's Toxic Radiance  Pois           ##......     43%         4    #####..
 Venom Bolt               Conj/Pois      #.........   95%         5    ######.


Dungeon Overview and Level Annotations

Branches:
Dungeon (3/15)

Altars:


Innate Abilities, Weirdness & Mutations

You cannot wear boots.
Your serpentine skin is tough. (AC +1)
You have supernaturally acute eyesight. (SInv)
Armour fits poorly on your strangely shaped body.
Your system is resistant to poisons. (rPois)
You cover ground very slowly.
You have a slow metabolism.
You can spit poison.


Message History

A goblin comes into view.
Casting: Sting (safe; 10% risk of failure)
Confirm with . or Enter, or press ? or * to list all spells.
You can't see any susceptible monsters within range! (Use Z to cast anyway.) Unknown command.
You see here 14 gold pieces.
Casting: Sting (safe; 10% risk of failure)
Confirm with . or Enter, or press ? or * to list all spells.
Aiming: Sting (safe; 10% risk of failure)
Press: ? - help, Shift-Dir - straight line, f - goblin
Aim: a goblin (resting)
The sting hits the goblin.
The goblin is poisoned.
The goblin is severely wounded.
The goblin shouts!
You kill the goblin!
No target in view!
You now have 113 gold pieces (gained 14).
Welcome back, 2BsUSBport the Naga Venom Mage.
Press ? for a list of commands and other information.
Are you sure you want to abandon this character and quit the game? (Confirm with "yes".)

......#...#
..........#
..........#.###
...............
#......#.#
#.####.#.#
#.#.# #.#.#
#.####@#.####
#......#..<.#
#######...#.#
..#.....#.#
#.#.......#
#.#.....###
#.......#
#.##.####
#.#.......#


There were no monsters in sight!

Vanquished Creatures
  2 adders (D:2)
  2 oozes
  A worm (D:2)
  A dart slug (D:1)
  A leopard gecko (D:1)
  6 bats
  2 giant cockroaches
  8 goblins
  2 hobgoblins (D:1)
  A kobold (D:2)
  A ball python (D:2)
  6 rats
33 creatures vanquished.

Notes
Turn   | Place    | Note
-------+----------+-------------------------------------------
     0 | D:1      | 2BsUSBport the Naga Venom Mage began the quest for the Orb.
     0 | D:1      | Reached XP level 1. HP: 15/15 MP: 3/3
   443 | D:1      | Reached XP level 2. HP: 22/22 MP: 1/5
   829 | D:1      | Learned a level 2 spell: Poisonous Vapours
  1737 | D:2      | Reached XP level 3. HP: 27/28 MP: 3/6
  2520 | D:2      | Reached XP level 4. HP: 13/37 MP: 2/7
  2722 | D:2      | Reached skill level 1 in Armour
  2933 | D:3      | Quit the game

Levels and vault maps discovered:
D:1:      dpeg_arrival_renting, layout_rooms, grunt_decor_one_mirror,
          minmay_misc_feat_alley, st_stairs_1
D:2:      layout_rooms
D:3:      layout_basic, uniq_terence

Skill      XL: |  1  2  3  4 |
---------------+-------------+-----
Dodging        | 2 |  2.2
Armour         | 1 |  1.0
Fighting       | |  0.4
Maces & Flails | |  0.4
Stealth        | |  3.1
Spellcasting   | |  2.4
Conjurations   | |  1.3
Poison Magic   | |  4.6

Action                   |  1- 3 |  4- 6 || total
-------------------------+-------+-------++-------
Melee: Unarmed           |     7 |       ||     7
       Club              |     6 |       ||     6
       Whip              |    87 |       ||    87
 Cast: Sting             |    41 |     4 ||    45
 Abil: Spit Poison       |     4 |       ||     4
  Use: Potion            |     2 |     2 ||     4
       Scroll            |     3 |       ||     3
 Stab: Sleeping          |     1 |       ||     1
  Eat: Ration            |     1 |     2 ||     3
Armor: Leather armour    |    20 |       ||    20
       Robe              |     8 |       ||     8
Dodge: Dodged            |    71 |       ||    71

Table legend:
 A = Non-vault XP
 B = Vault XP
 C = Vault XP percentage of total XP
 D = Non-vault monster count
 E = Vault monster count
 F = Vault count percentage of total count
                 A         B        C        D         E       F
            +---------+---------+-------+---------+---------+-------
      Total |      93 |       2 |   2.1 |      31 |       2 |   6.1
            +---------+---------+-------+---------+---------+-------
        D:1 |      30 |       2 |   6.2 |      12 |       2 |  14.3
        D:2 |      61 |       0 |   0.0 |      18 |       0 |   0.0
        D:3 |       2 |       0 |   0.0 |       1 |       0 |   0.0
            +---------+---------+-------+---------+---------+-------
